 Dungeon Crawl Stone Soup version 0.31-a0-149-g3fdcc5976a (webtiles) character file.

Game seed: 6857998378801927540

38380 qw the Marksminotaur (level 13, -4/124 HPs)
             Began as a Minotaur Hunter on June 7, 2023.
             Was an Elder of Okawaru.
             Slain by an eight-headed hydra (5 damage)
             ... on level 5 of the Lair of Beasts.
             The game lasted 00:06:51 (15221 turns).

qw the Marksminotaur (Minotaur Hunter)             Turns: 15221, Time: 00:06:52

Health: -4/124     AC: 16    Str: 16    XL:     13   Next: 63%
Magic:  19/19      EV: 28    Int:  6    God:    Okawaru [****..]
Gold:   694        SH:  0    Dex: 25    Spells: 12/12 levels left

rFire   . . .        Y - +1 orcbow
rCold   . . .        (shield currently unavailable)
rNeg    . . .        k - +3 leather armour of Loss {Fly}
rPois   .            a - +2 hat
rElec   .            e - +2 cloak
rCorr   .            (no gloves)
SInv    .            (no boots)
Will    .....        l - amulet of the acrobat
Stlth   +++          c - +4 ring of protection
HPRegen 0.40/turn    d - +6 ring of dexterity
MPRegen 0.16/turn

%: acrobat
@: heroic, flying
A: horns 2, retaliatory headbutt
a: Renounce Religion, Heroism, Finesse


You were on level 5 of the Lair of Beasts.
You worshipped Okawaru.
Okawaru was greatly pleased with you.
You visited 3 branches of the dungeon, and saw 14 of its levels.

You collected 799 gold pieces.
You spent 105 gold pieces at shops.


Innate Abilities, Weirdness & Mutations

You have a pair of horns on your head.
You reflexively headbutt those who attack you in melee.


   Skills:
 - Level 14.0(19.0) Fighting
 - Level 16.0(21.0) Ranged Weapons
 - Level 4.0(9.0) Armour
 + Level 12.5(17.5) Dodging
 - Level 0.7(5.7) Stealth
 - Level 10.0 Invocations


You had 12 spell levels left.
You didn't know any spells.
Your spell library was empty.

Inventory:

Hand Weapons
 Y - a +1 orcbow (weapon)
Armour
 a - a +2 hat (worn)
 e - a +2 cloak (worn)
 k - the +3 leather armour of Loss (worn) {Fly}
   (You found it on level 3 of the Lair of Beasts)

   Fly:       It grants you flight.
Jewellery
 c - a +4 ring of protection (left hand)
 d - a +6 ring of dexterity (right hand)
 l - an amulet of the acrobat (around neck)
Scrolls
 n - 3 scrolls of identify
Potions
 f - 2 potions of haste
 h - 2 potions of might
 i - 2 potions of resistance
 j - 8 potions of curing

Dungeon Overview and Level Annotations

Branches:
Dungeon (8/15)             Temple (1/1) D:4            Lair (5/5) D:8
  Swamp (0/4) Lair:2        Snake (0/4) Lair:3        Slime (0/5) Lair:4

Altars:
Ashenzari
Cheibriados
Dithmenos
Elyvilon
Fedhas
Gozag
Hepliaklqana
Kikubaaqudgha
Makhleb
Nemelex Xobeh
Okawaru
Qazlal
Ru
Sif Muna
Trog
Uskayaw
Vehumet
Wu Jian
Xom
Yredelemnul
Zin
The Shining One
Jiyva

Shops:
D:2 ?([(   D:5 *

Annotations:
D:4 2 transporters, qw's ghost, novice MiHu
D:6 1 runed translucent door, Crazy Yiuf


Message History

The arrow barely misses the black mamba.
An eight-headed hydra comes into view.
You shoot an arrow.
The arrow barely misses the black mamba.
You shoot an arrow. The arrow hits the black mamba!
The black mamba is heavily wounded.
The black mamba completely misses you. The black mamba closely misses you.
You shoot an arrow.
The arrow barely misses the black mamba.
The arrow hits the fungus!!
The fungus begins to die.
The fungus is lightly damaged.
The black mamba bites you!
You shoot an arrow.
The arrow closely misses the black mamba.
The arrow hits the fungus.
The fungus is lightly damaged.
The black mamba completely misses you.
You shoot an arrow. The arrow hits the black mamba!!
You kill the black mamba!
Okawaru accepts your kill.
You shoot an arrow.
The arrow hits the small abomination but does no damage.
The small abomination is severely damaged.
The eight-headed hydra completely misses you.
The eight-headed hydra bites you but does no damage.
The eight-headed hydra completely misses you.
The eight-headed hydra barely misses you.
The eight-headed hydra bites you but does no damage.
The eight-headed hydra completely misses you. x2
The eight-headed hydra bites you.
The small abomination completely misses you.
You shoot an arrow. The arrow hits the small abomination!!
You destroy the small abomination!
Okawaru accepts your kill.
A nearby fungus withers and dies.
The eight-headed hydra misses you.
The eight-headed hydra completely misses you.
The eight-headed hydra bites you but does no damage.
The eight-headed hydra barely misses you.
The eight-headed hydra bites you. x2
You die...

...........
.........P........
.....P....P.......
..........#......#
.................+
.........###.....#
.....PP..........## .
....#PP...#.......##....
...###...###....@D.....#
.....P....#.............
........................
........................
........................
........................
.F....###........$..#..#
....#P# ##...!....#####
...####


You could see an eight-headed hydra.

Vanquished Creatures
  3 hydras
  A boulder beetle (Lair:4)
  3 death yaks
  A skyshark (Lair:4)
  14 elephants
  4 black mambas
  A torpor snail (Lair:3)
  Maggie (D:8)
  2 smoke demons (Lair:5)
  12 cane toads
  3 rime drakes
  7 komodo dragons
  An ancient zyme (Lair:5)
  2 hornets
  2 polar bears
  Prince Ribbit (D:8)
  34 blink frogs
  A dream sheep (Lair:3)
  A slime creature (Lair:4)
  2 ynoxinuls (Lair:5)
  A spriggan (Lair:5)
  25 yaks
  3 wyverns
  4 basilisks
  A chaos spawn (Lair:5)
  4 vampire mosquitoes (Lair:2)
  3 nagas (Lair:3)
  Edmund (D:4)
  11 water moccasins
  2 small abominations (Lair:5)
  4 black bears
  2 ice beasts
  2 sky beasts
  3 ogres
  A centaur (D:6)
  11 wolves
  A kobold brigand (D:7)
  17 bullfrogs
  4 scorpions
  13 wights
  2 howler monkeys (D:7)
  7 hounds
  6 jellies
  7 orc priests
  A gnoll bouda (D:7)
  A sleepcap (D:5)
  Natasha (thrice) (D:3)
  6 iguanas
  5 orc wizards
  7 adders
  4 gnolls (D:4)
  2 shadow imps
  A white imp (D:7)
  A worm (D:3)
  3 dart slugs
  29 orcs
  11 ball pythons
  4 bats
  8 endoplasms
  10 goblins
  6 hobgoblins
  4 jackals (D:1)
  9 kobolds
  3 quokkas
  3 frilled lizards
  4 rats
356 creatures vanquished.

Vanquished Creatures (others)
  A basilisk (Lair:5)
  A wolf (Lair:5)
2 creatures vanquished.

Grand Total: 358 creatures vanquished

Notes
Turn   | Place    | Note
-------+----------+-------------------------------------------
     0 | D:1      | qw the Minotaur Hunter began the quest for the Orb.
     0 | D:1      | Reached XP level 1. HP: 18/18 MP: 0/0
     0 | D:1      | 0 ||| qw: Version: 0.2-a-117-gc6b5c8b
     0 | D:1      | 0 ||| qw: Game counter: 2662
     0 | D:1      | 0 ||| qw: Always use a shield: true
     0 | D:1      | 0 ||| qw: God list: Okawaru
     0 | D:1      | 0 ||| qw: Allow faded altars: false
     0 | D:1      | 0 ||| qw: Do Orc after D:15 true
     0 | D:1      | 0 ||| qw: Do second Lair branch before Depths: true
     0 | D:1      | 0 ||| qw: Lair rune preference: random
     0 | D:1      | 0 ||| qw: Plans: Normal
     0 | D:1      | 0 ||| PLANNING D:1-11
   150 | D:1      | Reached XP level 2. HP: 25/25 MP: 1/1
   152 | D:1      | Reached skill level 5 in Ranged Weapons
   241 | D:1      | HP: 5/25 [frozen (4)]
   244 | D:1      | Reached skill level 3 in Fighting
   444 | D:1      | Reached XP level 3. HP: 31/31 MP: 2/2
   880 | D:1      | 880 ||| UPGRADING to +0 cloak.
   885 | D:1      | 885 ||| READING scroll labelled WOCEIM TOFUWNA.
   886 | D:1      | 886 ||| DRINKING 2 golden potions.
   919 | D:1      | 919 ||| DROPPING scroll of butterflies.
   920 | D:1      | 920 ||| DROPPING potion of lignification.
   974 | D:2      | Found a faded altar of an unknown god.
  1225 | D:2      | Found a snail-covered altar of Cheibriados.
  1227 | D:2      | Found Cirrub's Antique Armour Shop.
  1233 | D:2      | 1233 ||| DROPPING +0 heavy sling.
  1241 | D:2      | 1241 ||| SHOPLISTING runed robe (88 gold, have 70).
  1310 | D:2      | Found Udyodicha's Weapon Shop.
  1494 | D:2      | Reached XP level 4. HP: 38/38 MP: 3/3
  1504 | D:2      | Found Bikh's Magic Scroll Boutique.
  1512 | D:2      | 1512 ||| BUYING scroll of enchant weapon (75 gold).
  1512 | D:2      | Bought a scroll of enchant weapon for 75 gold pieces
  1512 | D:2      | 1512 ||| BUYING scroll of teleportation (30 gold).
  1512 | D:2      | Bought a scroll of teleportation for 30 gold pieces
  1512 | D:2      | 1512 ||| READING scroll of enchant weapon.
  1512 | D:2      | 1512 ||| ENCHANTING +0 shortbow.
  1531 | D:2      | Found Xuiwn's Weapon Boutique.
  1538 | D:2      | 1538 ||| SHOPLISTING +0 orcbow (42 gold, have 2).
  1618 | D:2      | 1618 ||| READING scroll labelled EJIARGH DUSMAET.
  1619 | D:2      | 1619 ||| READING scroll labelled HESI ISHRECIPI.
  1631 | D:3      | 1631 ||| FLEEEEING.
  1632 | D:3      | 1632 ||| STAIRDANCE
  1662 | D:3      | Reached skill level 6 in Ranged Weapons
  1860 | D:3      | 1860 ||| READING scroll of enchant armour.
  1860 | D:3      | 1860 ||| ENCHANTING +0 cloak.
  1980 | D:3      | 1980 ||| READING scroll of enchant weapon.
  1980 | D:3      | 1980 ||| ENCHANTING +1 shortbow.
  2022 | D:3      | Reached XP level 5. HP: 45/46 MP: 4/4
  2132 | D:3      | Noticed Natasha
  2137 | D:3      | Killed Natasha
  2146 | D:3      | Noticed Natasha
  2158 | D:3      | Killed Natasha
  2305 | D:3      | Noticed Natasha
  2308 | D:3      | Killed Natasha
  2462 | D:3      | 2462 ||| UPGRADING to +0 ring mail.
  2472 | D:3      | 2472 ||| DROPPING +0 leather armour.
  2473 | D:3      | 2473 ||| READING scroll labelled TYLUEM EXKASO.
  2474 | D:3      | 2474 ||| DRINKING 2 bubbling grey potions.
  2565 | D:4      | Reached skill level 7 in Ranged Weapons
  2565 | D:4      | HP: 10/46 [frozen (3)]
  2566 | D:4      | 2566 ||| READING 7 scrolls of teleportation.
  2729 | D:4      | Found an ancient bone altar of Kikubaaqudgha.
  2736 | D:4      | Reached XP level 6. HP: 52/52 MP: 5/5
  2780 | D:4      | Noticed Edmund
  2799 | D:4      | HP: 13/52 [Edmund/+1 flail of protection (4)]
  2800 | D:4      | 2800 ||| READING 6 scrolls of teleportation.
  2801 | D:4      | HP: 4/52 [Edmund/+1 flail of protection (6)]
  2822 | D:4      | 2822 ||| FLEEEEING.
  2823 | D:4      | 2823 ||| STAIRDANCE
  3007 | D:4      | Killed Edmund
  3008 | D:4      | Reached skill level 8 in Ranged Weapons
  3076 | D:4      | 3076 ||| FLEEEEING.
  3131 | D:4      | 3131 ||| Stepping ~*~*~tactically~*~*~ (outnumbered).
  3232 | D:4      | Found a staircase to the Ecumenical Temple.
  3233 | D:4      | 3233 ||| PLANNING TEMPLE
  3279 | D:4      | Reached XP level 7. HP: 34/61 MP: 6/6
  3374 | Temple   | Entered the Ecumenical Temple
  3411 | Temple   | 3411 ||| PLANNING OKAWARU WORSHIP
  3634 | Temple   | Became a worshipper of Warmaster Okawaru
  3634 | Temple   | 3634 ||| PLANNING D:1-11
  3893 | D:4      | Reached skill level 3 in Dodging
  3999 | D:4      | Noticed qw's ghost (novice MiHu)
  4000 | D:4      | Found a transporter.
  4002 | D:4      | Found a transporter.
  4005 | D:4      | 4005 ||| Stepping ~*~*~tactically~*~*~ (outnumbered).
  4314 | D:4      | 4314 ||| READING scroll labelled IFIOLO FINIU.
  4315 | D:4      | 4315 ||| DRINKING 3 yellow potions.
  4338 | D:5      | Entered Level 5 of the Dungeon
  4746 | D:5      | Reached skill level 9 in Ranged Weapons
  4808 | D:5      | Found Naidomoj's Gadget Gallery.
  5445 | D:5      | 5445 ||| UPGRADING to ring of resist corrosion.
  5446 | D:5      | 5446 ||| READING 3 scrolls of identify.
  5446 | D:5      | 5446 ||| IDENTIFYING viscous emerald potion
  5447 | D:5      | 5447 ||| READING 2 scrolls of identify.
  5447 | D:5      | 5447 ||| IDENTIFYING smoky cyan potion
  5448 | D:5      | 5448 ||| DROPPING potion of attraction.
  5501 | D:6      | Reached skill level 6 in Fighting
  5501 | D:6      | Reached XP level 8. HP: 59/71 MP: 7/7
  5566 | D:6      | 5566 ||| Stepping ~*~*~tactically~*~*~ (outnumbered).
  5749 | D:6      | Reached skill level 10 in Ranged Weapons
  5852 | D:6      | Found a shimmering blue altar of Sif Muna.
  5861 | D:6      | Found a sacrificial altar of Ru.
  6005 | D:6      | 6005 ||| SWAPPING to +0 orcbow.
  6006 | D:6      | 6006 ||| DROPPING +2 shortbow.
  6051 | D:6      | Found a runed translucent door.
  6052 | D:6      | Noticed Crazy Yiuf
  6084 | D:6      | Found an ornate altar of the Wu Jian Council.
  6107 | D:6      | Reached * piety under Okawaru
  6163 | D:6      | 6163 ||| UPGRADING to +6 ring of dexterity.
  6164 | D:6      | 6164 ||| DRINKING 2 black potions.
  6165 | D:6      | 6165 ||| READING 4 scrolls of identify.
  6165 | D:6      | 6165 ||| IDENTIFYING inky potion
  6166 | D:6      | 6166 ||| READING 3 scrolls of identify.
  6166 | D:6      | 6166 ||| IDENTIFYING fuming black potion
  6167 | D:6      | 6167 ||| READING 2 scrolls of identify.
  6167 | D:6      | 6167 ||| IDENTIFYING ruby potion
  6168 | D:6      | 6168 ||| DROPPING potion of degeneration.
  6169 | D:6      | 6169 ||| DROPPING potion of brilliance.
  6170 | D:6      | 6170 ||| DROPPING potion of berserk rage.
  6192 | D:7      | Reached skill level 1 in Invocations
  6205 | D:7      | 6205 ||| INVOKING Heroism.
  6243 | D:7      | 6243 ||| INVOKING Heroism.
  6268 | D:7      | Noticed a hornet
  6273 | D:7      | Paralysed by a hornet for 1 turns
  6274 | D:7      | 6274 ||| INVOKING Heroism.
  6280 | D:7      | Killed a hornet
  6281 | D:7      | Reached XP level 9. HP: 36/79 MP: 7/9
  6281 | D:7      | 6281 ||| Stepping ~*~*~tactically~*~*~ (outnumbered).
  6286 | D:7      | 6286 ||| INVOKING Heroism.
  6549 | D:7      | 6549 ||| INVOKING Heroism.
  6558 | D:7      | Reached skill level 3 in Invocations
  6672 | D:7      | 6672 ||| INVOKING Heroism.
  6693 | D:7      | Identified the +5 long sword of the Morning {pain, Fly
                  | rCorr SInv}
  6716 | D:7      | Reached skill level 11 in Ranged Weapons
  6730 | D:7      | Reached skill level 3 in Armour
  6733 | D:7      | Reached skill level 6 in Dodging
  6840 | D:7      | 6840 ||| INVOKING Heroism.
  7391 | D:7      | 7391 ||| UPGRADING to ring of willpower.
  7393 | D:7      | 7393 ||| DRINKING 2 fuming coppery potions.
  7394 | D:7      | 7394 ||| DROPPING potion of enlightenment.
  7415 | D:8      | 7415 ||| INVOKING Heroism.
  7471 | D:8      | 7471 ||| INVOKING Heroism.
  7480 | D:8      | Reached skill level 12 in Ranged Weapons
  7498 | D:8      | 7498 ||| INVOKING Heroism.
  7534 | D:8      | 7534 ||| FLEEEEING.
  7544 | D:8      | 7544 ||| STAIRDANCE
  7628 | D:8      | 7628 ||| INVOKING Heroism.
  7635 | D:8      | Reached XP level 10. HP: 88/88 MP: 9/12
  7686 | D:8      | Reached ** piety under Okawaru
  7746 | D:8      | Found a staircase to the Lair.
  7780 | D:8      | Noticed Maggie
  7792 | D:8      | 7792 ||| INVOKING Heroism.
  7797 | D:8      | Killed Maggie
  8106 | D:8      | 8106 ||| READING scroll of enchant armour.
  8106 | D:8      | 8106 ||| ENCHANTING +1 cloak.
  8139 | D:8      | Reached skill level 13 in Ranged Weapons
  8142 | D:8      | 8142 ||| INVOKING Heroism.
  8458 | D:8      | Reached skill level 9 in Fighting
  8495 | D:8      | Noticed Prince Ribbit
  8509 | D:8      | Killed Prince Ribbit
  8574 | D:8      | 8574 ||| PLANNING LAIR
  8574 | D:8      | 8574 ||| UPGRADING to +0 steam dragon scales.
  8584 | D:8      | 8584 ||| DROPPING +0 ring mail.
  8585 | D:8      | 8585 ||| READING scroll labelled XUALYK ATZODEM.
  8586 | D:8      | 8586 ||| READING scroll labelled BUCHER ERRA.
  8761 | Lair:1   | Entered Level 1 of the Lair of Beasts
  8779 | Lair:1   | 8779 ||| INVOKING Heroism.
  8806 | Lair:1   | Reached *** piety under Okawaru
  8870 | Lair:1   | Noticed a cane toad
  8872 | Lair:1   | 8872 ||| INVOKING Heroism.
  8881 | Lair:1   | Killed a cane toad
  8966 | Lair:1   | 8966 ||| INVOKING Heroism.
  8969 | Lair:1   | Reached skill level 14 in Ranged Weapons
  8974 | Lair:1   | HP: 16/91 [yak (9)]
  8975 | Lair:1   | 8975 ||| READING 5 scrolls of teleportation.
  8976 | Lair:1   | 8976 ||| DRINKING 2 potions of heal wounds.
  9282 | Lair:1   | Reached XP level 11. HP: 97/97 MP: 13/13
  9346 | Lair:1   | 9346 ||| INVOKING Heroism.
  9357 | Lair:1   | Reached skill level 9 in Dodging
  9473 | Lair:1   | 9473 ||| INVOKING Heroism.
  9479 | Lair:1   | HP: 16/97 [elephant (9)]
  9480 | Lair:1   | 9480 ||| READING 4 scrolls of teleportation.
  9481 | Lair:1   | 9481 ||| DRINKING potion of heal wounds.
  9782 | Lair:1   | Reached **** piety under Okawaru
  9876 | Lair:1   | 9876 ||| INVOKING Heroism.
 10075 | Lair:1   | 10075 ||| UPGRADING to +2 hat.
 10080 | Lair:1   | 10080 ||| READING scroll labelled AWUDICESSO.
 10081 | Lair:1   | 10081 ||| READING 2 scrolls of identify.
 10081 | Lair:1   | 10081 ||| IDENTIFYING murky sapphire potion
 10188 | Lair:2   | 10188 ||| INVOKING Heroism.
 10301 | Lair:2   | 10301 ||| INVOKING Heroism.
 10516 | Lair:2   | 10516 ||| INVOKING Heroism.
 10844 | Lair:2   | Found a staircase to the Swamp.
 10861 | Lair:2   | Reached skill level 6 in Invocations
 11362 | Lair:2   | 11362 ||| UPGRADING to +4 ring of protection.
 11364 | Lair:2   | 11364 ||| DROPPING ring of resist corrosion.
 11365 | Lair:2   | 11365 ||| DROPPING ring of willpower.
 11366 | Lair:2   | 11366 ||| READING 3 scrolls of identify.
 11366 | Lair:2   | 11366 ||| IDENTIFYING silvery potion
 11367 | Lair:2   | 11367 ||| DROPPING potion of invisibility.
 11413 | Lair:3   | 11413 ||| INVOKING Heroism.
 11414 | Lair:3   | Noticed a boulder beetle
 11416 | Lair:3   | 11416 ||| Stepping ~*~*~tactically~*~*~ (water).
 11490 | Lair:3   | Found a staircase to the Snake Pit.
 11495 | Lair:3   | 11495 ||| INVOKING Heroism.
 11502 | Lair:3   | Reached skill level 15 in Ranged Weapons
 11600 | Lair:3   | Noticed a death yak
 11601 | Lair:3   | 11601 ||| INVOKING Heroism.
 11607 | Lair:3   | Noticed a death yak
 11620 | Lair:3   | Killed a death yak
 11629 | Lair:3   | Killed a death yak
 11639 | Lair:3   | Reached ***** piety under Okawaru
 11894 | Lair:3   | 11894 ||| INVOKING Heroism.
 11909 | Lair:3   | Reached XP level 12. HP: 71/106 MP: 14/16
 12078 | Lair:3   | 12078 ||| INVOKING Heroism.
 12175 | Lair:3   | 12175 ||| INVOKING Heroism.
 12217 | Lair:3   | 12217 ||| INVOKING Heroism.
 12238 | Lair:3   | 12238 ||| INVOKING Heroism.
 12345 | Lair:3   | Noticed a four-headed hydra
 12346 | Lair:3   | 12346 ||| INVOKING Heroism.
 12351 | Lair:3   | Killed a four-headed hydra
 12442 | Lair:3   | Identified the +3 leather armour of Loss {Fly}
 12502 | Lair:3   | 12502 ||| Stepping ~*~*~tactically~*~*~ (water).
 12506 | Lair:3   | 12506 ||| INVOKING Heroism.
 12786 | Lair:3   | Noticed a six-headed hydra
 12787 | Lair:3   | 12787 ||| INVOKING Heroism.
 12794 | Lair:3   | Killed a six-headed hydra
 12795 | Lair:3   | Reached skill level 16 in Ranged Weapons
 12874 | Lair:3   | Reached skill level 9 in Invocations
 13047 | Lair:3   | 13047 ||| UPGRADING to +3 leather armour of Loss {Fly}.
 13057 | Lair:3   | 13057 ||| DROPPING +0 steam dragon scales.
 13058 | Lair:3   | 13058 ||| UPGRADING to amulet of the acrobat.
 13063 | Lair:3   | 13063 ||| READING scroll labelled CAOCYO SAIR.
 13082 | Lair:4   | 13082 ||| INVOKING Heroism.
 13101 | Lair:4   | 13101 ||| STAIRDANCE
 13309 | Lair:4   | 13309 ||| INVOKING Heroism.
 13328 | Lair:4   | Killed a boulder beetle
 13415 | Lair:4   | 13415 ||| INVOKING Heroism.
 13512 | Lair:4   | Noticed a six-headed hydra
 13513 | Lair:4   | 13513 ||| INVOKING Heroism.
 13522 | Lair:4   | Killed a six-headed hydra
 13549 | Lair:4   | Found a staircase to the Slime Pits.
 13549 | Lair:4   | Found a viscous altar of Jiyva.
 13632 | Lair:4   | 13632 ||| INVOKING Heroism.
 13632 | Lair:4   | Noticed a death yak
 13638 | Lair:4   | 13638 ||| INVOKING Finesse.
 13660 | Lair:4   | Killed a death yak
 13661 | Lair:4   | Reached skill level 12 in Fighting
 13731 | Lair:4   | 13731 ||| INVOKING Heroism.
 13757 | Lair:4   | Reached XP level 13. HP: 77/118 MP: 19/19
 13976 | Lair:4   | 13976 ||| INVOKING Heroism.
 14114 | Lair:4   | 14114 ||| INVOKING Heroism.
 14237 | Lair:4   | 14237 ||| INVOKING Heroism.
 14408 | Lair:4   | 14408 ||| READING 2 scrolls labelled DIFUAMEBBY.
 14409 | Lair:4   | 14409 ||| DROPPING scroll of fear.
 14427 | Lair:5   | Entered Level 5 of the Lair of Beasts
 14465 | Lair:5   | Identified the +1 hat of Follow the Leader {+Blink Str+2}
                  | (Okawaru gifted it to you on level 5 of the Lair of Beasts)
 14465 | Lair:5   | Received a gift from Okawaru
 14477 | Lair:5   | 14477 ||| INVOKING Heroism.
 14510 | Lair:5   | 14510 ||| INVOKING Heroism.
 14796 | Lair:5   | Reached skill level 12 in Dodging
 14796 | Lair:5   | 14796 ||| INVOKING Heroism.
 14834 | Lair:5   | HP: 27/122 [blink frog (14)]
 14835 | Lair:5   | 14835 ||| READING 4 scrolls of teleportation.
 14844 | Lair:5   | 14844 ||| INVOKING Heroism.
 14845 | Lair:5   | 14845 ||| READING 3 scrolls of teleportation.
 14920 | Lair:5   | 14920 ||| INVOKING Heroism.
 14921 | Lair:5   | 14921 ||| FLEEEEING.
 14929 | Lair:5   | 14929 ||| STAIRDANCE
 15109 | Lair:4   | 15109 ||| DROPPING +1 hat of Follow the Leader {+Blink
                  | Str+2}.
 15146 | Lair:5   | 15146 ||| READING scroll of enchant weapon.
 15146 | Lair:5   | 15146 ||| ENCHANTING +0 orcbow.
 15183 | Lair:5   | 15183 ||| INVOKING Heroism.
 15193 | Lair:5   | HP: 19/124 [elephant (14)]
 15194 | Lair:5   | 15194 ||| READING 2 scrolls of teleportation.
 15198 | Lair:5   | HP: 14/124 [poisoned by a cane toad]
 15207 | Lair:5   | 15207 ||| READING scroll of teleportation.
 15217 | Lair:5   | HP: 7/124 [black mamba (13)]
 15220 | Lair:5   | HP: 2/124 [eight-headed hydra (6)]
 15221 | Lair:5   | Slain by an eight-headed hydra

Levels and vault maps discovered:
D:1:      dpeg_arrival_chambers_temple_mockup, layout_rooms, serial_forest,
          infiniplex_forest_clump_C, infiniplex_forest_lined_1,
          infiniplex_forest_lined_corner, infiniplex_forest_corner_1,
          infiniplex_forest_clump_long, infiniplex_forest_clump_cross,
          infiniplex_forest_lined_2, infiniplex_forest_clump_cross,
          patterned_corridor
D:2:      layout_basic, basic_altar, serial_shops, nicolae_shop_real_fake_doors,
          shop, shop, shop, nicolae_ecumenical_snake_handling
D:3:      layout_loops_cross, uniq_natasha
D:4:      layout_basic, lemuel_doored_altar, minmay_temple_entry_slanted,
          gammafunk_ghost_arena, minmay_crystal_room, serial_bayou_ford_a,
          st_stairs_14, minmay_misc_feat_x, uniq_edmund
D:5:      layout_layer_cave, nicolae_shop_gadgets
D:6:      layout_rooms, mainiacjoe_overflow_swirl, nzn_wu_jian_contemplation,
          uniq_crazy_yiuf_cottage
D:7:      layout_gridville, minmay_quadrilaterals
D:8:      layout_gridville, due_lair_maze_entry_diamond, uniq_maggie,
          uniq_prince_ribbit1
Temple:   dpeg_five_rooms_temple
Lair:1:   layout_regular_city
Lair:2:   layout_small_grid, minmay_swamp_entry_swarm
Lair:3:   nzn_winding_woodlands_cross [nzn_winding_woodlands_5x15_lazy_stream,
          nzn_winding_woodlands_5x15_pathside_ponds,
          nzn_winding_woodlands_5x15_twine,
          nzn_winding_woodlands_5x15_concentric,
          nzn_winding_woodlands_15x15_boxy_spiral], layout_loops_ring,
          minmay_snake_entry_guardpost_small, serial_rivers,
          chequers_serial_rivers_micro_d, chequers_serial_rivers_large_b,
          chequers_serial_rivers_small_b, chequers_serial_rivers_marsh,
          chequers_serial_rivers_marsh
Lair:4:   layout_gridlike, minmay_slime_entry_pillars, beast_lair_carwin_4
Lair:5:   hellmonk_lair_end_abyssal_woods, layout_regular_city,
          lemuel_fruit_fields

Skill      XL: |  1  2  3  4  5  6  7  8  9 10 11 12 13 |
---------------+----------------------------------------+-----
Ranged Weapons | 5 6 7 8 9 10 12 14 15 16 | 16.0
Fighting       | 3 4 5 6 7 8 9 10 12 14 | 14.0
Armour         | 2 3 4 |  4.0
Dodging        | 3 5 6 8 9 10 12 | 12.5
Invocations    | 2 4 7 10 | 10.0
Stealth        | |  0.7

Action                     |  1- 3 |  4- 6 |  7- 9 | 10-12 | 13-15 || total
---------------------------+-------+-------+-------+-------+-------++-------
   Fire: Shortbow          |   104 |   234 |   194 |       |       ||   532
         Orcbow            |       |       |   176 |   768 |   288 ||  1232
 Invoke: Heroism           |       |       |    11 |    28 |     9 ||    48
         Finesse           |       |       |       |     1 |       ||     1
    Use: Scroll            |     1 |     8 |     6 |     9 |     6 ||    30
         Potion            |     1 |     1 |     3 |     2 |       ||     7
 Armour: Leather armour    |    14 |    11 |       |    41 |    33 ||    99
         Ring mail         |       |    41 |    39 |     6 |       ||    86
         Steam dragon scal |       |       |       |    75 |       ||    75
  Dodge: Dodged            |    42 |    56 |   123 |   509 |   229 ||   959

Table legend:
 A = Non-vault XP
 B = Vault XP
 C = Vault XP percentage of total XP
 D = Non-vault monster count
 E = Vault monster count
 F = Vault count percentage of total count
                 A         B        C        D         E       F
            +---------+---------+-------+---------+---------+-------
      Total |   41428 |   13603 |  24.7 |     287 |      70 |  19.6
            +---------+---------+-------+---------+---------+-------
        D:1 |      53 |       0 |   0.0 |      31 |       0 |   0.0
        D:2 |      47 |       3 |   6.0 |       7 |       3 |  30.0
        D:3 |     184 |      36 |  16.4 |      26 |       1 |   3.7
        D:4 |     475 |     192 |  28.8 |      34 |       3 |   8.1
        D:5 |     333 |       0 |   0.0 |       8 |       0 |   0.0
        D:6 |     878 |       0 |   0.0 |      18 |       0 |   0.0
        D:7 |    1754 |     484 |  21.6 |      26 |       7 |  21.2
        D:8 |    1197 |    1894 |  61.3 |      17 |      12 |  41.4
     Lair:1 |    5981 |       0 |   0.0 |      25 |       0 |   0.0
     Lair:2 |    2650 |     712 |  21.2 |      12 |       4 |  25.0
     Lair:3 |    8543 |    4854 |  36.2 |      27 |      17 |  38.6
     Lair:4 |   10595 |    2079 |  16.4 |      29 |       9 |  23.7
     Lair:5 |    8738 |    3349 |  27.7 |      27 |      14 |  34.1
            +---------+---------+-------+---------+---------+-------
